 Dungeon Sprint DCSS version 0.21.2 (webtiles) character file.

8900000 Fang the Axe Maniac (level 27, -39/246 (249) HPs)
             Began as a Demonspawn Gladiator on Jan 10, 2019.
             Was the Champion of Makhleb.
             Killed themself with a badly aimed damnation (77 damage)
             ... in the Dungeon (Sprint VIII: "Arena of Blood").
             The game lasted 00:02:29 (89 turns).

Fang the Axe Maniac (Demonspawn Gladiator)            Turns: 89, Time: 00:02:30

HP:   -39/246 (249) AC:  8    Str: 25    XL:     27
MP:   34/54         EV: 36    Int: 11    God:    Makhleb [******]
Gold: 0             SH:  0    Dex: 22    Spells: 80/80 levels left

rFire    + . .     SeeInvis .   l - +∞ Axe of Woe
rCold    . . .     Gourm    .   (shield currently unavailable)
rNeg     . . .     Faith    .   b - +0 leather armour
rPois    .         Spirit   .   c - +0 helmet
rElec    .         Reflect  .   (no cloak)
rCorr    .         Harm     .   (gloves unavailable)
MR       ++...     NoTele   +   (no boots)
Stlth    ++++++++++             (no amulet)
HPRegen  10.51/turn             (no ring)
MPRegen  0.34/turn              (no ring)

@: marked
A: claws 3, thin skeletal structure 3, demonic guardian 3, fire resistance 1,
hurl damnation, powered by death 3, flame cloud immunity
a: Hurl Damnation, Minor Destruction, Lesser Servant of Makhleb, Major
Destruction, Greater Servant of Makhleb, Renounce Religion


You were in the Dungeon.
You worshipped Makhleb.
Makhleb was exalted by your worship.
You were not hungry.

You visited 1 branch

Inventory:

Hand Weapons
 a - a +0 war axe
 l - the +∞ Axe of Woe (weapon)
   (You found it in the Dungeon)
Missiles
 d - 3 throwing nets (quivered)
Armour
 b - a +0 leather armour (worn)
 c - a +0 helmet (worn)
Scrolls
 k - a scroll of blinking
Potions
 e - a potion of curing
 g - a potion of heal wounds
 h - a potion of haste
 i - 2 potions of magic
 j - a potion of berserk rage
Comestibles
 f - a ration


   Skills:
 O Level 27 Fighting
 O Level 27 Axes
 O Level 27 Throwing
 O Level 27 Armour
 O Level 27 Dodging
 O Level 27 Stealth
 O Level 27 Unarmed Combat
 O Level 27 Spellcasting
 O Level 27 Invocations


You had 80 spell levels left.
You didn't know any spells.

Dungeon Overview and Level Annotations

Branches:
Dungeon (1/1)

Altars:
Makhleb


Innate Abilities, Weirdness & Mutations

You have claws for hands.
You have an unnaturally thin skeletal structure. (Dex +6, Stealth++)
A powerful demonic guardian rushes to your aid.
Your flesh is heat resistant. (rF+)
You can hurl damnation.
You regenerate a lot of health from kills.
You are immune to clouds of flame.


Message History

The large bag of meat convulses!
The bag of meat convulses! x3
The large bag of meat convulses!
The bag of meat convulses!
The large bag of meat convulses!
The bag of meat convulses!
The meat berserker convulses!
The bag of meat convulses! x2
The meat berserker convulses!
The bag of meat convulses! x3
Your body is wracked with pain!
* * * LOW HITPOINT WARNING * * *
The meat berserker convulses!
The accursed hits your Executioner! 4 orcs and 2 ogres come into view.
Aiming: Hurl Damnation
Press: ? - help, Shift-Dir - straight line, f - large abomination
Aim: a large abomination (flame) That beam is likely to hit you.
Continue anyway?
The sphere of damnation explodes!
The damnation engulfs the large abomination.
The large abomination is severely damaged.
The damnation engulfs the crawling corpse.
You destroy the crawling corpse!
The damnation engulfs you!
You die...

#o..#......%
.o.o.#............
%oO.....%.....O...
....2..oo....O.o..
#....ooMW#..o.O..#
.o.#.o12X#o.OO...#
#.M.o§Ox##OOoo...###.
...oo§X@OVOO###......
..%o#§XXxoOOooo.....
. #.ooMOOL#oo..%#.
...3OooOoO#_.<)_#
..#oooXWoX#).)o.#
....#.O2.zo.._o.....
......oW....###O.....
..D....###.oM ..###.
....... #...o ..#


You could see 4 accurseds, 3 meat beasts, a tyrant, an eight-headed meat hydra,
a destroyer, a sculptor of flesh, a soul eater, 4 large bags of meat, 6 large
abominations, 3 dreads, 14 meat berserkers, a small abomination, 35 bags of
meat, a crawling corpse and a friendly Executioner.

Vanquished Creatures
  Sigmund (D)
  6 hell beasts (D)
  3 greater mummies (D)
  2 wraiths (D)
  19 vampire knights (D)
  46 ogres (D)
  4 two-headed ogres (D)
  2 liches (D)
  A hydra (D)
  78 orcs (D)
  4 skeletal warriors (D)
  8 large abominations (D)
  6 small abominations (D)
  4 crawling corpses (D)
184 creatures vanquished.

Vanquished Creatures (others)
  An orc (D)
1 creature vanquished.

Grand Total: 185 creatures vanquished

Notes
Turn   | Place    | Note
-------+----------+-------------------------------------------
     0 | D        | Found the +∞ Axe of Woe
     0 | D        | Fang the Demonspawn Gladiator began the quest for the Orb.
     0 | D        | Reached XP level 1. HP: 16/16 MP: 1/1
     3 | D        | Noticed a bag of meat
     3 | D        | Noticed a bag of meat
     4 | D        | Became a worshipper of Makhleb the Destroyer
     5 | D        | Noticed a meat berserker
     7 | D        | Killed a bag of meat
     7 | D        | Reached skill level 10 in Fighting
     7 | D        | Gained mutation: You regenerate a little health from kills. [demonic ancestry]
     7 | D        | Reached XP level 2. HP: 36/36 MP: 2/2
     7 | D        | Gained mutation: A weak demonic guardian rushes to your aid. [demonic ancestry]
     7 | D        | Reached XP level 3. HP: 42/42 MP: 3/3
     7 | D        | Gained mutation: You regenerate health from kills. [demonic ancestry]
     7 | D        | Reached XP level 4. HP: 48/48 MP: 4/4
     7 | D        | Gained mutation: You regenerate a lot of health from kills. [demonic ancestry]
     7 | D        | Reached XP level 5. HP: 54/54 MP: 5/5
     7 | D        | Reached XP level 6. HP: 61/61 MP: 6/6
     7 | D        | Gained mutation: You have a somewhat thin skeletal structure. (Dex +2, Stealth) [demonic ancestry]
     7 | D        | Reached XP level 7. HP: 67/67 MP: 7/7
     7 | D        | Gained mutation: You have a moderately thin skeletal structure. (Dex +4, Stealth+) [demonic ancestry]
     7 | D        | Reached XP level 8. HP: 73/73 MP: 8/8
     7 | D        | Gained mutation: You have sharp fingernails. [demonic ancestry]
     7 | D        | Reached XP level 9. HP: 79/79 MP: 9/9
     7 | D        | Gained mutation: You have an unnaturally thin skeletal structure. (Dex +6, Stealth++) [demonic ancestry]
     7 | D        | Reached XP level 10. HP: 86/86 MP: 10/10
     7 | D        | Gained mutation: You have very sharp fingernails. [demonic ancestry]
     7 | D        | Reached XP level 11. HP: 92/92 MP: 11/11
     8 | D        | Noticed a bag of meat
     8 | D        | Noticed a bag of meat
     8 | D        | Noticed a bag of meat
     9 | D        | Killed a meat berserker
     9 | D        | Reached * piety under Makhleb
     9 | D        | Gained mutation: You have claws for hands. [demonic ancestry]
     9 | D        | Reached XP level 12. HP: 103/103 MP: 12/12
     9 | D        | Reached XP level 13. HP: 109/109 MP: 13/13
    10 | D        | Killed a bag of meat
    10 | D        | Reached XP level 14. HP: 119/119 MP: 14/14
    12 | D        | Killed a bag of meat
    14 | D        | Noticed a bag of meat
    14 | D        | Noticed a bag of meat
    14 | D        | Killed a bag of meat
    14 | D        | Reached ** piety under Makhleb
    14 | D        | Reached skill level 15 in Fighting
    14 | D        | Reached XP level 15. HP: 89/129 MP: 15/15
    15 | D        | Noticed a meat berserker
    16 | D        | Noticed a meat berserker
    16 | D        | Noticed a meat berserker
    18 | D        | Killed a meat berserker
    18 | D        | Reached skill level 27 in Axes
    18 | D        | Reached XP level 16. HP: 143/143 MP: 16/16
    19 | D        | Noticed a meat berserker
    20 | D        | Noticed a destroyer
    20 | D        | Noticed a destroyer
    20 | D        | Killed a meat berserker
    20 | D        | Reached *** piety under Makhleb
    20 | D        | Reached skill level 27 in Dodging
    20 | D        | Killed a meat berserker
    20 | D        | Reached XP level 17. HP: 166/166 MP: 17/17
    20 | D        | Reached **** piety under Makhleb
    20 | D        | Reached skill level 27 in Fighting
    21 | D        | Noticed a meat berserker
    21 | D        | Reached skill level 10 in Armour
    21 | D        | Gained mutation: A demonic guardian rushes to your aid. [demonic ancestry]
    21 | D        | Reached XP level 18. HP: 182/182 MP: 18/18
    22 | D        | Noticed a meat berserker
    22 | D        | Noticed a meat berserker
    22 | D        | Noticed a large bag of meat
    23 | D        | Noticed a meat berserker
    23 | D        | Killed a meat berserker
    23 | D        | Reached skill level 27 in Throwing
    23 | D        | Reached ***** piety under Makhleb
    24 | D        | Reached XP level 19. HP: 189/189 MP: 19/19
    25 | D        | Noticed a meat berserker
    26 | D        | Noticed a destroyer
    27 | D        | Killed a meat berserker
    27 | D        | Reached skill level 27 in Armour
    27 | D        | Killed a meat berserker
    27 | D        | Reached skill level 10 in Unarmed Combat
    27 | D        | Reached skill level 10 in Spellcasting
    28 | D        | Killed a meat berserker
    28 | D        | Reached skill level 15 in Stealth
    28 | D        | Gained mutation: Your flesh is heat resistant. (rF+) [demonic ancestry]
    28 | D        | Reached XP level 20. HP: 197/197 MP: 19/38
    28 | D        | Killed a destroyer
    29 | D        | Noticed a meat berserker
    29 | D        | Killed a meat berserker
    29 | D        | Reached ****** piety under Makhleb
    29 | D        | Reached XP level 21. HP: 204/204 MP: 19/44
    29 | D        | Reached skill level 27 in Invocations
    30 | D        | Noticed a destroyer
    30 | D        | Noticed a destroyer
    32 | D        | Noticed a destroyer
    32 | D        | Killed a large bag of meat
    32 | D        | Gained mutation: You are immune to clouds of flame. [demonic ancestry]
    32 | D        | Reached XP level 22. HP: 212/212 MP: 20/50
    32 | D        | Reached skill level 27 in Stealth
    33 | D        | Reached skill level 27 in Unarmed Combat
    33 | D        | Reached skill level 27 in Spellcasting
    33 | D        | Killed a destroyer
    33 | D        | Reached XP level 23. HP: 219/219 MP: 20/54
    33 | D        | Killed a destroyer
    34 | D        | Noticed a destroyer
    34 | D        | Killed a destroyer
    35 | D        | Noticed a destroyer
    35 | D        | Reached XP level 24. HP: 227/227 MP: 20/54
    38 | D        | Noticed a destroyer
    38 | D        | Gained mutation: A powerful demonic guardian rushes to your aid. [demonic ancestry]
    38 | D        | Reached XP level 25. HP: 234/234 MP: 21/54
    38 | D        | Noticed a destroyer
    39 | D        | Killed a destroyer
    39 | D        | Killed a destroyer
    39 | D        | Reached XP level 26. HP: 242/242 MP: 21/54
    41 | D        | Noticed a destroyer
    42 | D        | Killed a destroyer
    42 | D        | Gained mutation: You can hurl damnation. [demonic ancestry]
    42 | D        | Reached XP level 27. HP: 249/249 MP: 22/54
    42 | D        | Killed a destroyer
    45 | D        | Killed a destroyer
    46 | D        | Noticed a destroyer
    48 | D        | Killed a destroyer
    49 | D        | Noticed an accursed
    49 | D        | Noticed a tyrant
    50 | D        | Killed a destroyer
    51 | D        | Noticed a destroyer
    53 | D        | Killed a destroyer
    55 | D        | Noticed an accursed
    56 | D        | Noticed an accursed
    58 | D        | Killed a tyrant
    59 | D        | Noticed a destroyer
    60 | D        | Noticed The Captor
    60 | D        | Killed an accursed
    60 | D        | Killed a destroyer
    61 | D        | Killed a destroyer
    65 | D        | Noticed a large bag of meat
    66 | D        | Noticed a destroyer
    66 | D        | Noticed a large bag of meat
    66 | D        | Killed an accursed
    68 | D        | Noticed a meat beast
    69 | D        | Noticed a destroyer
    69 | D        | Noticed a meat beast
    70 | D        | Noticed a meat beast
    70 | D        | Killed an accursed
    71 | D        | Noticed a destroyer
    71 | D        | Noticed a large bag of meat
    71 | D        | Noticed a meat beast
    73 | D        | Noticed a dread
    74 | D        | Killed a meat beast
    74 | D        | Killed The Captor
    74 | D        | Killed a destroyer
    75 | D        | Noticed a meat beast
    75 | D        | Noticed a meat beast
    75 | D        | Noticed a destroyer
    75 | D        | Killed a meat beast
    75 | D        | Killed a large bag of meat
    75 | D        | Killed a meat beast
    75 | D        | Killed a meat beast
    76 | D        | Noticed an accursed
    76 | D        | Noticed a dread
    76 | D        | Noticed a dread
    76 | D        | Killed a destroyer
    77 | D        | Noticed a dread
    77 | D        | Noticed a destroyer
    77 | D        | Killed a dread
    78 | D        | Noticed a tyrant
    78 | D        | Killed a large bag of meat
    78 | D        | Killed a meat beast
    79 | D        | Noticed an accursed
    79 | D        | Noticed a destroyer
    80 | D        | Noticed a tyrant
    81 | D        | Noticed an accursed
    81 | D        | Noticed a large bag of meat
    81 | D        | Killed a meat beast
    82 | D        | Noticed a large bag of meat
    82 | D        | Killed a destroyer
    83 | D        | Noticed a large bag of meat
    84 | D        | Killed a destroyer
    84 | D        | Killed a tyrant
    85 | D        | Noticed a large bag of meat
    85 | D        | Killed a dread
    86 | D        | Noticed a meat beast
    86 | D        | Killed a large bag of meat
    87 | D        | Noticed a meat beast
    87 | D        | Killed a destroyer
    88 | D        | Noticed a meat beast
    88 | D        | Noticed an accursed
    88 | D        | Noticed a dread
    89 | D        | Killed themself with a badly aimed damnation

Skill      XL: |  1  2  3  4  5  6  7  8  9 10 11 12 13 14 15 16 17 18 19 20 21 22 |
---------------+-------------------------------------------------------------------+-----
Fighting       | 10 12 13 15 17 24 27 | 27.0
Axes           | 17 21 22 24 27 | 27.0
Throwing       | 9 11 12 13 14 19 23 27 | 27.0
Dodging        | 16 19 21 22 25 27 | 27.0
Armour         | 6 10 21 27 | 27.0
Stealth        | 15 20 26 27 | 27.0
Unarmed Combat | 14 19 24 27 | 27.0
Spellcasting   | 14 19 24 27 | 27.0
Invocations    | 18 25 27 | 27.0

Action                   |  1- 3 |  4- 6 |  7- 9 | 10-12 | 13-15 | 16-18 | 19-21 | 22-24 | 25-27 || total
-------------------------+-------+-------+-------+-------+-------+-------+-------+-------+-------++-------
Melee: Executioner's axe |     1 |       |       |     1 |     5 |     4 |     6 |     6 |    42 ||    65
Invok: Greater Servant o |       |       |       |       |       |       |       |       |     1 ||     1
 Abil: Hurl Damnation    |       |       |       |       |       |       |       |       |     2 ||     2
 Stab: Distracted        |       |       |       |       |       |       |       |       |     1 ||     1
Armor: Leather armour    |       |       |       |       |       |       |       |       |     3 ||     3
Dodge: Dodged            |       |       |       |     1 |       |     1 |       |       |    12 ||    14
